 Dungeon Crawl Stone Soup version 0.31-a0-233-g139696dc86 (webtiles) character file.

Game seed: 2345995496850938054

44 RepHenryClay the Stinger (level 3, 0/19 HPs)
             Began as a Deep Elf Venom Mage on July 10, 2023.
             Slain by a hobgoblin (1 damage)
             ... on level 1 of the Dungeon.
             The game lasted 00:01:50 (1074 turns).

RepHenryClay the Stinger (Deep Elf Venom Mage)      Turns: 1074, Time: 00:01:51

Health: 0/19       AC:  2    Str:  5    XL:     3   Next: 41%
Magic:  4/9        EV: 12    Int: 21    God:
Gold:   68         SH:  0    Dex: 15    Spells: 2/8 levels left

rFire   . . .        a - +1 dagger (drain)
rCold   . . .        (no shield)
rNeg    . . .        d - +0 robe
rPois   .            (no helmet)
rElec   .            (no cloak)
rCorr   .            (no gloves)
SInv    .            (no boots)
Will    .....        (no amulet)
Stlth   ++           (no ring)
HPRegen 0.23/turn    (no ring)
MPRegen 0.11/turn

%: no passive effects
@: no status effects
A: no striking features
a: no special abilities


You were on level 1 of the Dungeon.
You visited 1 branch of the dungeon, and saw 2 of its levels.

You collected 68 gold pieces.

Inventory:

Hand Weapons
 a - a +1 dagger of draining (weapon)
Armour
 d - a +0 robe (worn)
Jewellery
 e - an amulet of faith
Scrolls
 c - a scroll of identify {unknown}
 f - a scroll of immolation {unknown}
 g - a scroll of brand weapon {unknown}
 h - a scroll of teleportation {unknown}
Potions
 b - a potion of magic
 i - a potion of attraction {unknown}


   Skills:
 - Level 2.4 Dodging
 - Level 2.4 Stealth
 - Level 3.0 Spellcasting
 - Level 1.1 Transmutations
 + Level 5.0 Poison Magic


You had 2 spell levels left.
You knew the following spells:

 Your Spells              Type           Power      Damage    Failure   Level
a - Sting                 Tmut/Pois      64%        1d6       3%          1
b - Poisonous Vapours     Pois/Air       26%        N/A       7%          2
c - Mephitic Cloud        Conj/Pois/Air  10%        N/A       21%         3

Your spell library contained the following spells:

 Spells                   Type           Power      Damage    Failure   Level
 Slow                     Hex            12%        N/A       13%         1
 Olgreb's Toxic Radiance  Pois           24%        N/A       17%         4
 Confusing Touch          Hex            3%         N/A       36%         3
 Gell's Gravitas          Tloc           3%         N/A       36%         3
 Teleport Other           Tloc           3%         N/A       36%         3
 Vampiric Draining        Necr           3%         2d6       36%         3
 Dispersal                Tloc           1%         N/A       100%        6


Dungeon Overview and Level Annotations

Branches:
Dungeon (2/15)

Altars:


Message History

* * * LOW HITPOINT WARNING * * *
Huge Dmg: -32%(-6hp) hp: 32%(6hp)
The hobgoblin hits you.
* * * LOW HITPOINT WARNING * * *
Damage: -5%(-1hp) hp: 27%(5hp) Unknown command.
Casting: Sting (safe; 3% risk of failure)
Confirm with . or Enter, or press ? or * to list all spells.
Okay, then.
Casting: Sting (safe; 3% risk of failure)
Confirm with . or Enter, or press ? or * to list all spells.
Aiming: Sting (safe; 3% risk of failure)
Press: ? - help, Shift-Dir - straight line, f/p - orc
Aim: an orc, wielding a +0 whip and wearing a +0 leather armour (heavily wounded, poisoned, 74% to hit)
The sting hits the orc.
The orc looks even sicker.
You kill the orc!
The hobgoblin hits you.
* * * LOW HITPOINT WARNING * * *
The orc closely misses you.
Your Poison Magic skill increases to level 5!
Huge Dmg: -11%(-2hp) hp: 16%(3hp)
Casting: Sting (safe; 3% risk of failure)
Confirm with . or Enter, or press ? or * to list all spells.
Aiming: Sting (safe; 3% risk of failure)
Press: ? - help, Shift-Dir - straight line, f - orc
Aim: an orc, wielding a +0 club (74% to hit)
The sting hits the orc.
The orc is poisoned.
The orc is severely wounded.
The hobgoblin closely misses you. The orc hits you with a +0 club.
* * * LOW HITPOINT WARNING * * *
Huge Dmg: -10%(-2hp) hp: 6%(1hp)
Casting: Sting (safe; 3% risk of failure)
Confirm with . or Enter, or press ? or * to list all spells.
Aiming: Sting (safe; 3% risk of failure)
Press: ? - help, Shift-Dir - straight line, f/p - orc
Aim: an orc, wielding a +0 club (almost dead, poisoned, 74% to hit)
The sting misses the orc.
You kill the orc!
The hobgoblin hits you.
You die...

##########.# ...#
#....[# ...#
###.###########
...####............#
......)............#
.................>.#
...................#
#...#...........)g)#
#.#.#.#..........@.#
#.#.#..............#
#.#.#..............#
#.#.##.............#
#.#................#
........#########.##
#.###.......# #.#
#.).........# #.#
............# #.#


You could see a hobgoblin.

Vanquished Creatures
  A worm (D:2)
  A dart slug (D:1)
  3 orcs
  2 ball pythons (D:1)
  2 endoplasms (D:1)
  3 giant cockroaches (D:1)
  5 goblins
  4 hobgoblins
  4 jackals (D:1)
  A quokka (D:1)
  A bat (D:1)
  A frilled lizard (D:1)
  3 kobolds
  3 rats
34 creatures vanquished.

Notes
Turn   | Place    | Note
-------+----------+-------------------------------------------
     0 | D:1      | RepHenryClay the Deep Elf Venom Mage began the quest for
                  | the Orb.
     0 | D:1      | Reached XP level 1. HP: 10/10 MP: 6/6
   181 | D:1      | Reached skill level 4 in Poison Magic
   181 | D:1      | Reached XP level 2. HP: 15/15 MP: 5/8
   599 | D:1      | Reached XP level 3. HP: 16/19 MP: 3/9
  1059 | D:1      | Learned a level 2 spell: Poisonous Vapours
  1063 | D:1      | Learned a level 3 spell: Mephitic Cloud
  1073 | D:1      | Reached skill level 5 in Poison Magic
  1074 | D:1      | Slain by a hobgoblin

Illustrated notes

Levels and vault maps discovered:
D:1:      nzn_arrival_settlement, layout_basic, chequers_decorated_corner
D:2:      layout_basic, basic_altar, serial_corexii_hall,
          chequers_hall_statues_wall_a, chequers_hall_statues_corner_a,
          corexii_hall_statues_x, chequers_hall_statues_y,
          minmay_misc_feat_ornament, uniq_natasha

Skill      XL: |  1  2  3 |
---------------+----------+-----
Poison Magic   | 4 5 |  5.0
Dodging        | |  2.4
Stealth        | |  2.4
Spellcasting   | |  3.0
Transmutations | |  1.1

Action                     || total
---------------------------++-------
  Melee: Dagger            ||    17
   Cast: Sting             ||    52
   Stab: Sleeping          ||     1
 Armour: Robe              ||     4
  Dodge: Dodged            ||    23

Table legend: (Time is in decaauts)
 A = Elapsed time spent in this place.
 B = Non-inter-level travel time spent in this place.
 C = Inter-level travel time spent in this place.
 D = Time resting spent in this place.
 E = Time spent auto-exploring this place.
 F = Levels seen in this place.
 G = Mean time per level.
                   A        B        C        D        E       F      G
               +--------+--------+--------+--------+--------+-----+--------+
         Total |   1074 |   1057 |     17 |     57 |    828 |   2 |  537.0 |
       Dungeon |   1074 |   1057 |     17 |     57 |    828 |   2 |  537.0 |
               +--------+--------+--------+--------+--------+-----+--------+

Top non-repeatable levels by time:
     D:1: 914 daAuts
     D:2: 160 daAuts
